Match 39210175
Unlisted

Match 39210175
End
Construct Section Command Post
Royal Engineer Section
Selects Air and Sea Battlegroup
Infantry Section
ML 3-inch Mortar Team
Infantry Section
Vickers Machine Gun Team
Construct Platoon Command Post
Selects Commando Section Paradrop
Infantry Section
Grenade Package
Humber Armored Car
Commando Section Paradrop
Construct Company Command Post
Selects M1 Pack Howitzer Paradrop
Unlock M3 Grant Medium Tanks
Selects Incendiary Bombing Run
6-pounder Anti-tank Gun Team
M3 Grant Medium Tank
Incendiary Bombing Run
Incendiary Bombing Run
M3 Grant Medium Tank
matjouz
Sarmynation
ibra_iq
SezearIQ
0
0

Comments sign in to comment!

No comments posted yet!